 Dungeon Crawl Stone Soup version 0.30.0-29-ga12c61a403 (webtiles) character file.

Game seed: 1220689721366954508

2065 GeoRichter the Geomancer (level 9, -14/41 HPs)
             Began as a Spriggan Venom Mage on June 20, 2023.
             Was an Initiate of Vehumet.
             Killed from afar by a steam dragon (25 damage)
             ... with a ball of steam
             ... on level 7 of the Dungeon.
             The game lasted 00:15:27 (6025 turns).

GeoRichter the Geomancer (Spriggan Venom Mage)      Turns: 6025, Time: 00:15:27

Health: -14/41     AC:  3    Str:  3    XL:     9   Next: 5%
Magic:  11/23      EV: 18    Int: 18    God:    Vehumet [......]
Gold:   331        SH:  0    Dex: 16    Spells: 18/26 levels left

rFire   x . .        b - staff of earth
rCold   + . .        (shield currently unavailable)
rNeg    + + .        t - +1 robe
rPois   +            (helmet restricted)
rElec   .            (no cloak)
rCorr   +            (gloves unavailable)
SInv    +            (boots unavailable)
Will    ++...        w - amulet of magic regeneration
Stlth   ++           u - ring "Lenogieg" {Ice rPois rN++ rCorr Str-3}
HPRegen 0.26/turn    e - ring of willpower
MPRegen 0.58/turn

%: no passive effects
@: about to teleport, very quick
A: very small, no large weapons, unfitting armour, see invisible, speed 3
a: Renounce Religion


You were on level 7 of the Dungeon.
You worshipped Vehumet.
Vehumet was noncommittal.
You visited 2 branches of the dungeon, and saw 8 of its levels.

You collected 331 gold pieces.

Inventory:

Hand Weapons
 a - the +9 whip of Raeg {speed, rC+ Int+3 SInv}
   (You found it on level 3 of the Dungeon)

   Int:       It affects your intelligence (+3).
   rC:        It protects you from cold.
   SInv:      It lets you see invisible.
Armour
 t - a +1 robe (worn)
Magical Staves
 b - a staff of earth (weapon)
Jewellery
 e - a ring of willpower (right hand)
 g - a ring of magical power
 u - the ring "Lenogieg" (left hand) {Ice rPois rN++ rCorr Str-3}
   (You found it on level 3 of the Dungeon)

   [ring of ice]

   It enhances your ice magic.
   Str:       It affects your strength (-3).
   rF:        It makes you vulnerable to fire.
   rC:        It protects you from cold.
   rPois:     It protects you from poison.
   rN:        It greatly protects you from negative energy.
   rCorr:     It protects you from acid and corrosion.
 w - an amulet of magic regeneration (around neck)
 y - a ring of resist corrosion
 A - a +4 ring of protection
Wands
 x - a wand of roots (5)
 C - a wand of charming (10)
Scrolls
 d - a scroll of poison
 f - a scroll of enchant armour
 m - a scroll of brand weapon
 n - 5 scrolls of teleportation
Potions
 c - 2 potions of flight {unknown}
 h - a potion of resistance
 i - 3 potions of lignification
 j - a potion of brilliance
 l - 3 potions of curing {unknown}
 q - a potion of magic
 s - a potion of ambrosia {unknown}
 v - a potion of heal wounds {unknown}
 z - a potion of might {unknown}
 F - a potion of berserk rage {unknown}


   Skills:
 + Level 1.4 Fighting
 + Level 3.9 Dodging
 - Level 3.0 Stealth
 - Level 9.2 Spellcasting
 - Level 5.4 Conjurations
 - Level 1.4 Transmutations
 - Level 9.5 Earth Magic
 * Level 4.3 Poison Magic


You had 18 spell levels left.
You knew the following spells:

 Your Spells              Type           Power      Damage    Failure   Level
a - Sting                 Tmut/Pois      72%        1d6       2%          1
b - Stone Arrow           Conj/Erth      100%       3d13      1%          3
c - Olgreb's Toxic Radia  Pois           24%        N/A       14%         4

Your spell library contained the following spells:

 Spells                   Type           Power      Damage    Failure   Level
 Shock                    Conj/Air       72%        1d7       2%          1
 Poisonous Vapours        Pois/Air       32%        N/A       5%          2
 Mephitic Cloud           Conj/Pois/Air  20%        N/A       7%          3
 Animate Armour           Summ/Erth      76%        N/A       12%         4
 Gell's Gravitas          Tloc           8%         N/A       26%         3
 Swiftness                Air            8%         N/A       26%         3
 Teleport Other           Tloc           8%         N/A       26%         3
 Airstrike                Air            4%         2d(1-17)  65%         4
 Dispersal                Tloc           4%         N/A       100%        6
 Lehudib's Crystal Spear  Conj/Erth      26%        10d7      100%        8


Dungeon Overview and Level Annotations

Branches:
Dungeon (7/15)             Temple (1/1) D:6

Altars:
Dithmenos
Fedhas
Hepliaklqana
Kikubaaqudgha
Makhleb
Nemelex Xobeh
Okawaru
Qazlal
Sif Muna
Trog
Uskayaw
Vehumet
Wu Jian
Xom
Yredelemnul
Zin
The Shining One

Annotations:
D:4 exclusion: steam dragon
D:7 Maggie


Innate Abilities, Weirdness & Mutations

You are very small and have problems with some larger weapons.
You are too small for most types of armour.
You have supernaturally acute eyesight. (SInv)
You cover ground extremely quickly. (Speed+++)


Message History

You're wearing all the rings you can.
Remove which one? (? for menu, Esc to cancel) < or
u - the ring "Lenogieg" {Ice rPois rN++ rCorr Str-3} > or
A - a +4 ring of protection You remove your +4 ring of protection.
e - a ring of willpower (right hand)
You feel a surge of power!
The stone arrow hits the sleepcap!!
The sleepcap is severely damaged.
A centaur comes into view.
You feel a surge of power!
The stone arrow hits the sleepcap!
You destroy the sleepcap!
Vehumet accepts your kill.
The centaur wields a +0 shortbow.
The centaur shoots an arrow.
The arrow hits you!
The centaur shoots an arrow.
The arrow misses you.
You hear an angry hiss.
You start resting.
You hear the faint creaking of a portcullis nearby.
You hear the slow hiss of an avalanche of sand nearby.
You feel a surge of power!
The stone arrow hits the steam dragon!
The steam dragon is moderately wounded.
The steam dragon hisses angrily.
You feel a surge of power!
The stone arrow hits the steam dragon!
The steam dragon is severely wounded.
The steam dragon bites you. The steam dragon completely misses you.
You feel a surge of power!
The stone arrow hits the steam dragon!
The steam dragon is almost dead.
The steam dragon breathes steam at you. The ball of steam hits you!!
The steam scalds you terribly!
* * * LOW HITPOINT WARNING * * *
Maggie the Vainglorious comes into view.
She is wielding a +2 halberd of flaming.
You hear a shout! x2
Okay, then.
Okay, then.
Okay, then.
As you read the scroll of teleportation, it crumbles to dust.
You feel strangely unstable. The steam dragon breathes steam at you.
The ball of steam hits you!! The steam scalds you terribly!
Ouch! That really hurt!
You die...

##.# ≈≈≈ #..#
#≈.. ##.##
####.≈.# #..#
#....≈.# #.##
#....≈.#
#.#######$...≈.#
#............≈.#
########.....≈.#
##@....#.
#.§..§# #.§...#
#..D).# #....§#
#####@# #c# #..
..##


You could see Maggie, a steam dragon (catching breath) and a centaur.

Vanquished Creatures
  A water moccasin (D:4)
  A sky beast (D:6)
  2 ice beasts (D:5)
  An ogre (D:5)
  A centaur (D:7)
  A bullfrog (D:6)
  4 scorpions
  2 jellies
  A gnoll bouda (D:6)
  An orc priest (D:3)
  4 sleepcaps
  2 hounds (D:4)
  2 iguanas
  Jessica (D:2)
  2 orc wizards (D:6)
  5 gnolls (D:6)
  7 adders
  2 white imps (D:6)
  A worm (D:2)
  A dart slug (D:4)
  17 orcs
  4 endoplasms
  5 giant cockroaches
  6 hobgoblins
  A quokka (D:5)
  6 ball pythons
  10 bats
  2 frilled lizards
  8 goblins
  6 kobolds
  7 rats
114 creatures vanquished.

Vanquished Creatures (others)
  A human (D:4)
1 creature vanquished.

Grand Total: 115 creatures vanquished

Notes
Turn   | Place    | Note
-------+----------+-------------------------------------------
     0 | D:1      | GeoRichter the Spriggan Venom Mage began the quest for the
                  | Orb.
     0 | D:1      | Reached XP level 1. HP: 9/9 MP: 5/5
   315 | D:1      | Reached XP level 2. HP: 13/13 MP: 1/6
   385 | D:1      | Reached skill level 1 in Earth Magic
   575 | D:1      | Found a faded altar of an unknown god.
   992 | D:2      | Found a hide-covered altar of Uskayaw.
  1351 | D:2      | Reached XP level 3. HP: 16/16 MP: 1/8
  1355 | D:2      | Learned a level 3 spell: Stone Arrow
  1599 | D:2      | Noticed Jessica
  1813 | D:2      | Killed Jessica
  1814 | D:2      | Reached skill level 1 in Conjurations
  1814 | D:2      | Reached XP level 4. HP: 21/21 MP: 6/10
  2512 | D:3      | Identified the +9 whip of Raeg {speed, rC+ Int+3 SInv}
  3036 | D:3      | Reached XP level 5. HP: 24/24 MP: 11/11
  3154 | D:3      | Identified the ring "Lenogieg" {Ice rPois rN++ rCorr Str-3}
  3499 | D:4      | Noticed a steam dragon
  3924 | D:4      | Found an ancient bone altar of Kikubaaqudgha.
  3925 | D:4      | Noticed a human
  3927 | D:4      | Killed a human
  4026 | D:4      | Reached XP level 6. HP: 8/28 MP: 13/13
  4385 | D:5      | Entered Level 5 of the Dungeon
  4490 | D:5      | Noticed an ice beast
  4493 | D:5      | Noticed a water moccasin
  4501 | D:5      | Reached skill level 5 in Spellcasting
  4556 | D:5      | Reached XP level 7. HP: 29/32 MP: 15/15
  4626 | D:4      | Reached skill level 5 in Conjurations
  4626 | D:4      | Reached XP level 8. HP: 36/36 MP: 22/22
  4632 | D:4      | Learned a level 4 spell: Olgreb's Toxic Radiance
  5103 | D:6      | Found a staircase to the Ecumenical Temple.
  5114 | D:6      | Reached skill level 1 in Fighting
  5118 | Temple   | Entered the Ecumenical Temple
  5268 | Temple   | Became a worshipper of Vehumet
  5409 | D:6      | Identified the +9 short sword of Context {heavy, MP+9 Str+5
                  | Dex-3 SInv}
  5547 | D:6      | Found a glowing silver altar of Zin.
  5975 | D:7      | Reached XP level 9. HP: 41/41 MP: 17/23
  6019 | D:7      | Noticed Maggie
  6025 | D:7      | Killed from afar by a steam dragon

Illustrated notes

Levels and vault maps discovered:
D:1:      kennysheep_arrival_forest, layout_rooms,
          ebering_ecumenical_altar_rust, serial_corexii_hall,
          corexii_hall_statues_l, corexii_hall_statues_deadend
D:2:      wad_woods_pond, layout_basic, basic_altar, uniq_jessica
D:3:      layout_basic
D:4:      layout_layer_cave, tgw_kikubaaqudgha
D:5:      layout_rooms, corexii_item_surrounded_by_moat
D:6:      layout_cave_pools, mainiacjoe_overflow_brackets,
          minmay_temple_entry_stoned_glass, eino_tiny_chamber,
          nicolae_kite_square_tiling_tiny, grunt_decor_cap
D:7:      layout_rooms, nicolae_overflow_squiral, enter_ossuary_3,
          enter_bailey_2, uniq_maggie
Temple:   regret_index_temple_waves

Skill      XL: |  1  2  3  4  5  6  7  8 |
---------------+-------------------------+-----
Spellcasting   | 3 4 5 9 |  9.2
Earth Magic    | 1 2 3 4 9 |  9.5
Conjurations   | 1 2 5 |  5.4
Dodging        | 3 |  3.9
Fighting       | 1 |  1.4
Poison Magic   | 4 |  4.3
Stealth        | |  3.0
Transmutations | |  1.4

Action                     |  1- 3 |  4- 6 |  7- 9 || total
---------------------------+-------+-------+-------++-------
  Melee: Unarmed           |     1 |       |       ||     1
         Dagger            |     2 |       |       ||     2
         Whip              |       |    56 |    17 ||    73
         Punch             |       |       |     1 ||     1
   Cast: Sting             |    82 |    74 |     1 ||   157
         Stone Arrow       |       |       |    54 ||    54
    Use: Scroll            |       |       |    16 ||    16
         Potion            |       |       |     1 ||     1
   Stab: Sleeping          |       |     1 |       ||     1
 Armour: Robe              |     5 |     2 |     1 ||     8
  Dodge: Dodged            |    28 |    38 |    30 ||    96
